 Dungeon Sprint DCSS version 0.17-a0-2147-gfb20a63 (webtiles) character file.

321524 Kidiri the Skullcrusher (level 20, -3/216 HPs)
             Began as a Minotaur Fighter on Oct 24, 2015.
             Was the Champion of Okawaru.
             Killed from afar by Ceahenn the pandemonium lord (26 damage)
             ... with a bolt of fire
             ... in the Dungeon (Sprint VII: "The Pits").
             The game lasted 01:14:24 (12372 turns).

Kidiri the Skullcrusher (Minotaur Fighter)         Turns: 12372, Time: 01:14:24

Health: -3/216     AC: 49    Str: 44    XL:     20   Next: 65%
Magic:  36/36      EV: 12    Int:  3    God:    Okawaru [******]
Gold:   273        SH: 30    Dex:  3    Spells: 0 memorised, 19 levels left

rFire  + . .     SeeInvis +     q - +6 eveningstar "Cael" {holy, MR+ Str+7 Int-4 Dex-5}
rCold  + + .     Clarity  .     u - +2 crystal plate armour
rNeg   + + +     SustAt   .     k - +0 large shield {rPois}
rPois  +         Gourm    .     t - +4 hat of Melancholy {rC++ rN+ Dex-2}
rElec  +         Spirit   .     a - +2 cloak {+Inv}
rCorr  .         Warding  +     o - +2 pair of gloves {Str+3}
rMut   .         NoTele   +     b - +2 pair of boots {run}
MR     ++...                    h - amulet of Keshrana {Ward rElec rC+ rN+}
Stlth  ..........               C - ring "Acyokud" {Str+6 SInv}
                                I - ring of Maicuvat {Fire rN+++ Int+2 Dex-2 Stlth+}

@: heroism, finesse, quick, very resistant to hostile enchantments, extremely
unstealthy
A: retaliatory headbutt, horns 2, deterioration 1, slow regeneration 1
a: Heroism, Finesse, Renounce Religion, Evoke Invisibility
}: 2/15 runes: silver, golden


You were in the Dungeon.
You worshipped Okawaru.
Okawaru was exalted by your worship.
You were hungry.

You visited 1 branch You collected 273 gold pieces.

Inventory:

Hand Weapons
 q - the +6 eveningstar "Cael" (weapon) {holy, MR+ Str+7 Int-4 Dex-5}
   (You found it in the Dungeon)

   It has been blessed by the Shining One to cause great damage to the undead
   and demons.
   It affects your strength (+7).
   It affects your intelligence (-4).
   It affects your dexterity (-5).
   It affects your resistance to hostile enchantments.
Missiles
 i - 8 poisoned javelins (quivered)
 z - 10 javelins of penetration
 N - 8 silver javelins
 V - 2 throwing nets
 Y - 15 steel javelins
Armour
 a - a +2 cloak of invisibility (worn)
 b - a +2 pair of boots of running (worn)
 k - a +0 large shield of poison resistance (worn)
 o - a +2 pair of gloves of strength (worn)
 t - the +4 hat of Melancholy (worn) {rC++ rN+ Dex-2}
   (Okawaru gifted it to you in the Dungeon)

   It affects your dexterity (-2).
   It greatly protects you from cold.
   It protects you from negative energy.
 u - a +2 crystal plate armour (worn)
Jewellery
 h - the amulet of Keshrana (around neck) {Ward rElec rC+ rN+}
   (You found it in the Dungeon)

   [amulet of warding]

   It may prevent the melee attacks of summoned creatures.
   It protects you from cold.
   It insulates you from electricity.
   It protects you from negative energy.
 C - the ring "Acyokud" (right hand) {Str+6 SInv}
   (You found it in the Dungeon)

   [ring of see invisible]

   It affects your strength (+6).
   It lets you see invisible.
 I - the ring of Maicuvat (left hand) {Fire rN+++ Int+2 Dex-2 Stlth+}
   (You found it in the Dungeon)

   [ring of fire]

   It enhances your fire magic, and weakens your ice magic.
   It affects your intelligence (+2).
   It affects your dexterity (-2).
   It protects you from fire.
   It makes you vulnerable to cold.
   It renders you almost immune to negative energy.
   It makes you more stealthy.
Wands
 c - a wand of teleportation (6)
 d - a wand of hasting (4)
 e - a wand of polymorph (12)
 y - a wand of cold (7)
 A - a wand of flame (20)
 J - a wand of heal wounds (8)
 K - a wand of frost (19)
Scrolls
 p - 5 scrolls of amnesia
 E - a scroll of recharging
 G - a scroll of fog
 R - 3 scrolls of fear
 S - 2 scrolls of remove curse
 T - 5 scrolls of identify
Potions
 f - 8 potions of curing
 g - 5 potions of haste
 j - 7 potions of berserk rage
 l - 4 potions of magic
 m - 3 potions of might
 n - 2 potions of invisibility
 r - 2 potions of heal wounds
 v - 4 potions of cure mutation
 w - 3 potions of agility
 x - 3 potions of brilliance
 P - a potion of resistance
Comestibles
 s - a bread ration
 B - 43 fruits
 D - 4 chunks of flesh
 F - 12 meat rations
 M - a beef jerky
 O - a royal jelly


   Skills:
 O Level 27 Fighting
 O Level 27 Maces & Flails
 O Level 27 Throwing
 O Level 27 Armour
 O Level 27 Dodging
 + Level 16.4(21.4) Stealth
 O Level 27 Shields
 O Level 27 Invocations
 O Level 27 Evocations


You had 19 spell levels left.
You didn't know any spells.

Dungeon Overview and Level Annotations

Branches:
Dungeon (1/1)

Altars:
Ashenzari
Cheibriados
Dithmenos
Elyvilon
Fedhas
Gozag
Kikubaaqudgha
Makhleb
Nemelex Xobeh
Okawaru
Qazlal
Ru
Sif Muna
Trog
Vehumet
Xom
Yredelemnul
Zin
The Shining One
Beogh
Jiyva
Lugonu

Annotations:
D Royal Jelly


Innate Abilities, Weirdness & Mutations

You reflexively headbutt those who attack you in melee.
You have a pair of horns on your head.
Your body sometimes deteriorates upon taking damage.
You regenerate slowly when monsters are visible.


Message History

Unknown command.
Drink which item? (? for menu, Esc to quit)
You feel much better. Ceahenn hits you.
* * * LOW HITPOINT WARNING * * *
The orb of fire glows yellow.
The bolt of fire hits you! You resist.
* * * LOW HITPOINT WARNING * * *
Ceahenn gestures at you. The bolt of fire hits you! You resist.
* * * LOW HITPOINT WARNING * * *
Evoke which item? (* to show all) (? for menu, Esc to quit)
Zapping:
J - a wand of heal wounds (9)
Press: ? - help, Shift-Dir - straight line, f - you You feel much better.
This wand has 8 charges left.
The orb of fire emits a lurid red light.
Strange energies course through your body.
You feel yourself wasting away. Ceahenn gestures at you.
The bolt of fire hits you! You resist.
You die...

# # #+# # ##.## # .D. ###### #
#++#### +## ###J### ###)+#.###
......### ##.###.#*#)###.###...##
........###'#+.##'.##+.##+.'#.###
...).....##.#.%.@&..#...#...#'# #
.........###+#.###.###.+##.##.###
.........###.###.###§###.'##...##
........###...'..)'§§.'...##+)##(
......### ##.###.###§###.##.##''(
####### ### ### ### ##########
############################### #
..##..'..'..'..'..'..'..'..'."# #
..##..'..'..'..'..'..'..'..'..# #


You could see the royal jelly, Ceahenn and an orb of fire.

Vanquished Creatures
  An orb of fire (D)
  3 ancient liches (D)
  Mara (D)
  Mennas (D)
  A pandemonium lord (D)
  2 greater mummies (D)
  Boris (D)
  Frederick (D)
  the Lernaean hydra (D)
  Margery (D)
  A curse toe (D)
  2 Killer Klowns (D)
  A golden dragon (D)
  Jory (D)
  A pearl dragon (D)
  Xtahua (D)
  A bone dragon (D)
  An electric golem (D)
  A tentacled monstrosity (D)
  4 Hell Sentinels (D)
  3 Ice Fiends (D)
  A lich (D)
  2 deep elf blademasters (D)
  4 deep elf master archers (D)
  A quicksilver dragon (D)
  10 titans (D)
  2 death cobs (D)
  4 sphinxes (D)
  A Shadow Fiend (D)
  An Executioner (D)
  Polyphemus (D)
  2 acid blobs (D)
  2 storm dragons (D)
  An azure jelly (D)
  3 greater nagas (D)
  2 daevas (D)
  3 ghost moths (D)
  2 draconian knights (D)
  9 fire giants (D)
  14 frost giants (D)
  5 deep elf sorcerers (D)
  A balrug (D)
  19 orc warlords (D)
  A draconian scorcher (D)
  8 ghouls (D)
  2 spriggan defenders (D)
  3 emperor scorpions (D)
  A reaper (D)
  An angel (D)
  A draconian annihilator (D)
  A war gargoyle (D)
  11 stone giants (D)
  A draconian caller (D)
  A vampire knight (D)
  2 green draconians (D)
  4 ophanim (D)
  2 deep elf demonologists (D)
  2 black draconians (D)
  5 yellow draconians (D)
  2 red draconians (D)
  A purple draconian (D)
  A white draconian (D)
  2 deep elf annihilators (D)
  A deep elf death mage (D)
  13 ettins (D)
  2 blizzard demons (D)
  A green death (D)
  A minotaur (D)
  2 mummy priests (D)
  2 fire dragons (D)
  3 vault guards (D)
  2 eidola (D)
  A death ooze (D)
  A merfolk impaler (D)
  A yaktaur captain (D)
  2 deep elf high priests (D)
  An ice dragon (D)
  6 naga warriors (D)
  2 anacondas (D)
  2 hydras (D)
  A hell beast (D)
  2 catoblepae (D)
  A death knight (D)
  3 ogre magi (D)
  An alligator snapping turtle (D)
  2 dancing weapons (D)
  8 death yaks (D)
  A naga sharpshooter (D)
  2 deep elf knights (D)
  5 orc high priests (D)
  A spriggan berserker (D)
  A vampire mage (D)
  3 hell hogs (D)
  A shadow wraith (D)
  A hell knight (D)
  An iron troll (D)
  An unseen horror (D)
  3 ice devils (D)
  2 cherubim (D)
  A wizard (D)
  2 spriggan druids (D)
  A swamp dragon (D)
  A lindwurm (D)
  25 orc knights (D)
  A deep elf summoner (D)
  A necromancer (D)
  13 hill giants (D)
  A phantasmal warrior (D)
  5 orc sorcerers (D)
  3 sixfirhies (D)
  A griffon (D)
  2 hornets (D)
  An ugly thing (D)
  A salamander (D)
  11 cyclopes (D)
  2 naga magi (D)
  A moth of wrath (D)
  A siren (D)
  An orange demon (D)
  A smoke demon (D)
  A gargoyle (D)
  2 molten gargoyles (D)
  6 elephants (D)
  A yaktaur (D)
  A demonic crawler (D)
  A troll (D)
  2 tormentors (D)
  3 fire drakes (D)
  2 guardian mummies (D)
  A hellwing (D)
  3 two-headed ogres (D)
  A wandering mushroom (D)
  A freezing wraith (D)
  A merfolk (shapeshifter) (D)
  A blue devil (D)
  2 deep elf priests (D)
  2 wind drakes (D)
  4 blink frogs (D)
  A boulder beetle (D)
  3 bog bodies (D)
  A snapping turtle (D)
  3 wyverns (D)
  A trapdoor spider (D)
  2 air elementals (D)
  4 deep elf fighters (D)
  A vampire (D)
  A basilisk (D)
  6 yaks (D)
  A golden eye (D)
  2 steam dragons (D)
  A mottled dragon (D)
  5 nagas (D)
  A warg (D)
  A hippogriff (D)
  4 insubstantial wisps (D)
  2 sky beasts (D)
  2 ice beasts (D)
  6 ogres (D)
  A small abomination (D)
  A wasp (D)
  22 orc warriors (D)
  A swamp drake (D)
  A black bear (D)
  A necrophage (D)
  An eye of draining (D)
  A gnoll sergeant (D)
  A brain worm (D)
  A giant frog (D)
  An iron imp (D)
  Crazy Yiuf (D)
  A hound (D)
  An orc priest (D)
  2 orc wizards (D)
  2 gnoll shamans (D)
  A worker ant (D)
  5 sheep (D)
  5 gnolls (D)
  A river rat (D)
  A giant eyeball (D)
  2 ufetubi (D)
  An ooze (D)
  2 adder zombies (D)
  2 adder simulacra (D)
  A giant gecko (D)
  16 orcs (D)
  3 ball pythons (D)
  A bat skeleton (D)
  3 bat zombies (D)
  2 giant cockroaches (D)
  4 jackals (D)
  A kobold (D)
  A giant gecko skeleton (D)
  A giant newt (D)
  A jackal skeleton (D)
  A quokka (D)
  A rat (D)
509 creatures vanquished.

Vanquished Creatures (others)
  A deep elf sorcerer (D)
  An orc knight (D)
  An insubstantial wisp (D)
  2 orc warriors (D)
  A wasp (D)
  An orc (D)
7 creatures vanquished.

Grand Total: 516 creatures vanquished

Notes
Turn   | Place    | Note
--------------------------------------------------------------
     0 | D        | Kidiri the Minotaur Fighter began the quest for the Orb.
     0 | D        | Reached XP level 1. HP: 19/19 MP: 0/0
    49 | D        | Found a sacrificial altar of Ru.
    49 | D        | Found a basalt altar of Yredelemnul.
    49 | D        | Found a shadowy altar of Dithmenos.
    49 | D        | Found a deep blue altar of Sif Muna.
    49 | D        | Found a burning altar of Makhleb.
    49 | D        | Found a shimmering altar of Xom.
    49 | D        | Found an ancient bone altar of Kikubaaqudgha.
    49 | D        | Found a sparkling altar of Nemelex Xobeh.
    50 | D        | Found a glowing golden altar of the Shining One.
    50 | D        | Found a bloodstained altar of Trog.
    50 | D        | Found a shattered altar of Ashenzari.
    50 | D        | Found a white marble altar of Elyvilon.
    50 | D        | Found a snail-covered altar of Cheibriados.
    50 | D        | Found a blossoming altar of Fedhas.
    50 | D        | Found a radiant altar of Vehumet.
    50 | D        | Found a glowing silver altar of Zin.
    50 | D        | Found a corrupted altar of Lugonu.
    50 | D        | Found a viscous altar of Jiyva.
    50 | D        | Found a roughly hewn altar of Beogh.
    50 | D        | Found an iron altar of Okawaru.
    56 | D        | Found a stormy altar of Qazlal.
    56 | D        | Found an opulent altar of Gozag.
    59 | D        | Became a worshipper of Warmaster Okawaru
    77 | D        | Reached skill level 4 in Fighting
    81 | D        | Reached skill level 1 in Dodging
    81 | D        | Reached XP level 2. HP: 21/27 MP: 1/1
   137 | D        | Noticed a worker ant
   142 | D        | Killed a worker ant
   142 | D        | Reached skill level 1 in Invocations
   142 | D        | Reached XP level 3. HP: 26/34 MP: 2/2
   311 | D        | Reached skill level 5 in Armour
   423 | D        | Noticed an ice beast
   436 | D        | Killed an ice beast
   436 | D        | Reached skill level 6 in Fighting
   436 | D        | Reached skill level 5 in Maces & Flails
   436 | D        | Reached XP level 4. HP: 41/44 MP: 4/4
   457 | D        | Noticed a sky beast
   477 | D        | Killed a sky beast
   477 | D        | Reached skill level 7 in Fighting
   477 | D        | Reached skill level 5 in Dodging
   477 | D        | Reached XP level 5. HP: 43/52 MP: 4/6
   481 | D        | Gained mutation: Your muscles are strong. (Str +2) [mutagenic meat]
   531 | D        | Noticed an orc warrior
   531 | D        | Noticed Crazy Yiuf
   540 | D        | Noticed a black bear
   551 | D        | Killed an orc warrior
   551 | D        | Reached * piety under Okawaru
   551 | D        | Reached XP level 6. HP: 21/61 MP: 7/7
   565 | D        | Killed Crazy Yiuf
   569 | D        | Killed a black bear
   569 | D        | Reached skill level 8 in Fighting
   708 | D        | Noticed a gnoll shaman
   711 | D        | Killed a gnoll shaman
   728 | D        | Noticed a molten gargoyle
   734 | D        | Killed a molten gargoyle
   734 | D        | Reached skill level 9 in Fighting
   734 | D        | Reached XP level 7. HP: 27/70 MP: 6/9
   937 | D        | Noticed a sky beast
   937 | D        | Noticed an iron imp
   937 | D        | Noticed a hound
   937 | D        | Noticed a gnoll shaman
   939 | D        | Killed a gnoll shaman
   943 | D        | Killed a hound
   947 | D        | Killed an iron imp
   960 | D        | Killed a sky beast
   960 | D        | Reached skill level 5 in Invocations
   966 | D        | Gained mutation: Your magical capacity is low (-10% MP). [mutagenic meat]
   967 | D        | Gained mutation: You are frail (-10% HP). [mutagenic meat]
   968 | D        | Lost mutation: Your muscles are strong. (Str +2) [mutagenic meat]
   969 | D        | Gained mutation: You can breathe flames. [mutagenic meat]
   979 | D        | Noticed a snapping turtle
   979 | D        | Noticed a death yak
  1002 | D        | Killed a death yak
  1002 | D        | Reached ** piety under Okawaru
  1002 | D        | Reached skill level 10 in Fighting
  1002 | D        | Reached skill level 10 in Maces & Flails
  1002 | D        | Reached skill level 10 in Armour
  1002 | D        | Reached skill level 10 in Shields
  1002 | D        | Reached XP level 8. HP: 12/72 MP: 8/10
  1133 | D        | Killed a snapping turtle
  1282 | D        | Noticed a bog body
  1283 | D        | Noticed a brain worm
  1289 | D        | Killed a brain worm
  1291 | D        | Noticed a steam dragon
  1295 | D        | Killed a bog body
  1295 | D        | Reached skill level 11 in Shields
  1295 | D        | Reached XP level 9. HP: 56/77 MP: 11/11
  1306 | D        | Killed a steam dragon
  1394 | D        | Noticed an ice beast
  1394 | D        | Noticed a smoke demon
  1399 | D        | Killed a smoke demon
  1399 | D        | Reached *** piety under Okawaru
  1408 | D        | Killed an ice beast
  1408 | D        | Reached skill level 10 in Dodging
  1420 | D        | Noticed a swamp drake
  1424 | D        | Killed a swamp drake
  1432 | D        | Noticed a basilisk
  1432 | D        | Noticed a wasp
  1437 | D        | Killed a basilisk
  1443 | D        | Killed a wasp
  1509 | D        | Noticed a six-headed hydra
  1509 | D        | Noticed a hippogriff
  1514 | D        | Killed a six-headed hydra
  1514 | D        | Reached skill level 12 in Fighting
  1516 | D        | Killed a hippogriff
  1528 | D        | Killed an unseen horror
  1528 | D        | Reached **** piety under Okawaru
  1528 | D        | Reached XP level 10. HP: 82/89 MP: 12/12
  1534 | D        | Noticed a wyvern
  1541 | D        | Killed a wyvern
  1551 | D        | Noticed a vampire
  1556 | D        | Killed a vampire
  1564 | D        | Noticed a siren
  1564 | D        | Noticed a wyvern
  1569 | D        | Killed a wyvern
  1574 | D        | Noticed a death yak
  1575 | D        | Noticed a gnoll sergeant
  1575 | D        | Killed a siren
  1590 | D        | Killed a death yak
  1590 | D        | Reached ***** piety under Okawaru
  1590 | D        | Reached skill level 13 in Fighting
  1600 | D        | Killed a gnoll sergeant
  1645 | D        | Noticed a two-headed ogre
  1645 | D        | Noticed a gargoyle
  1663 | D        | Killed a gargoyle
  1665 | D        | Killed a two-headed ogre
  1679 | D        | Noticed a wasp
  1679 | D        | Noticed a steam dragon
  1681 | D        | Noticed an orc wizard
  1686 | D        | Noticed an alligator snapping turtle
  1690 | D        | Killed a wasp
  1695 | D        | Killed an orc wizard
  1700 | D        | Noticed a wyvern
  1702 | D        | Killed a steam dragon
  1707 | D        | Killed a wyvern
  2050 | D        | Killed an alligator snapping turtle
  2069 | D        | Noticed a yak
  2069 | D        | Noticed a yak
  2069 | D        | Noticed a yak
  2069 | D        | Noticed a yak
  2069 | D        | Noticed a yak
  2069 | D        | Noticed a yak
  2069 | D        | Noticed a hill giant
  2069 | D        | Noticed a boulder beetle
  2070 | D        | Killed a yak
  2074 | D        | Killed a yak
  2075 | D        | Killed a yak
  2080 | D        | Killed a hill giant
  2080 | D        | Received a gift from Okawaru
  2080 | D        | Reached XP level 11. HP: 95/97 MP: 11/14
  2083 | D        | Killed a yak
  2087 | D        | Killed a yak
  2091 | D        | Killed a yak
  2091 | D        | Reached skill level 14 in Shields
  2104 | D        | Killed a boulder beetle
  2151 | D        | Noticed a griffon
  2153 | D        | Noticed an eidolon
  2167 | D        | Killed a griffon
  2180 | D        | Killed an eidolon
  2185 | D        | Noticed a trapdoor spider
  2191 | D        | Killed a trapdoor spider
  2580 | D        | Noticed a molten gargoyle
  2580 | D        | Noticed a giant frog
  2583 | D        | Killed a molten gargoyle
  2584 | D        | Killed a giant frog
  2594 | D        | Noticed a guardian mummy
  2596 | D        | Noticed an eye of draining
  2605 | D        | Killed a guardian mummy
  2609 | D        | Killed an eye of draining
  2610 | D        | Noticed a mottled dragon
  2614 | D        | Killed a mottled dragon
  2756 | D        | Noticed a hellwing
  2762 | D        | Killed a hellwing
  2769 | D        | Killed a shadow wraith
  2778 | D        | Noticed an elephant
  2779 | D        | Noticed a fire drake
  2779 | D        | Noticed an elephant
  2779 | D        | Noticed an elephant
  2779 | D        | Noticed an elephant
  2779 | D        | Noticed an elephant
  2780 | D        | Noticed an elephant
  2782 | D        | Killed an elephant
  2785 | D        | Killed a fire drake
  2789 | D        | Killed an elephant
  2795 | D        | Killed an elephant
  2795 | D        | Reached skill level 15 in Shields
  2799 | D        | Killed an elephant
  2799 | D        | Reached skill level 15 in Armour
  2806 | D        | Killed an elephant
  2806 | D        | Reached skill level 15 in Fighting
  2812 | D        | Killed an elephant
  2830 | D        | Noticed a fire drake
  2832 | D        | Noticed a phantasmal warrior
  2833 | D        | Killed a fire drake
  2833 | D        | Reached skill level 15 in Maces & Flails
  2839 | D        | Killed a phantasmal warrior
  3073 | D        | Noticed a guardian mummy
  3075 | D        | Noticed a lindwurm
  3079 | D        | Killed a guardian mummy
  3084 | D        | Killed a lindwurm
  3090 | D        | Noticed a deep elf fighter
  3094 | D        | Killed a deep elf fighter
  3098 | D        | Noticed a deep elf fighter
  3098 | D        | Noticed a deep elf priest
  3098 | D        | Noticed a deep elf fighter
  3098 | D        | Noticed an anaconda
  3101 | D        | Killed a deep elf priest
  3105 | D        | Killed an anaconda
  3105 | D        | Received a gift from Okawaru
  3105 | D        | Reached XP level 12. HP: 101/108 MP: 13/16
  3109 | D        | Killed a deep elf fighter
  3124 | D        | Killed a deep elf fighter
  3138 | D        | Identified a +1 pair of boots of running (Okawaru gifted it to you in the Dungeon)
  3285 | D        | Noticed a hornet
  3285 | D        | Noticed a sixfirhy
  3285 | D        | Noticed an ogre
  3285 | D        | Noticed a freezing wraith
  3286 | D        | Noticed an orange demon
  3286 | D        | Noticed a four-headed hydra
  3288 | D        | Killed a freezing wraith
  3291 | D        | Noticed a sphinx
  3291 | D        | Killed a four-headed hydra
  3293 | D        | Noticed an eidolon
  3293 | D        | Noticed a deep elf priest
  3295 | D        | Killed a deep elf priest
  3297 | D        | Noticed a deep elf fighter
  3298 | D        | Killed a deep elf fighter
  3300 | D        | Noticed a hornet
  3305 | D        | Killed a hornet
  3305 | D        | Reached skill level 16 in Shields
  3313 | D        | Killed an orange demon
  3315 | D        | Killed a hornet
  3326 | D        | Killed a sixfirhy
  3328 | D        | Noticed an ogre
  3331 | D        | Killed a sphinx
  3331 | D        | Reached skill level 10 in Invocations
  3331 | D        | Noticed an ogre mage
  3338 | D        | Noticed a yaktaur
  3351 | D        | Killed an eidolon
  3351 | D        | Reached skill level 15 in Dodging
  3353 | D        | Killed an ogre
  3356 | D        | Noticed a small abomination
  3358 | D        | Killed an ogre mage
  3359 | D        | Identified the +3 rapier of Caenyroz {freeze, -Tele MR+ Str+2 SInv}
  3361 | D        | Noticed a two-headed ogre
  3361 | D        | Killed a yaktaur
  3362 | D        | Noticed an ogre
  3364 | D        | Noticed a death cob
  3364 | D        | Killed a small abomination
  3365 | D        | Noticed an angel
  3378 | D        | Noticed an ogre
  3394 | D        | Killed an angel
  3401 | D        | Noticed a blue devil
  3401 | D        | Killed a death cob
  3401 | D        | Reached skill level 17 in Fighting
  3405 | D        | Killed an ogre
  3407 | D        | Killed an ogre
  3409 | D        | Killed a blue devil
  3415 | D        | Killed an ogre
  3422 | D        | Killed a two-headed ogre
  3422 | D        | Received a gift from Okawaru
  3436 | D        | Got the ring "Rehen" {Wiz rN+ Dex+4}
  3441 | D        | Noticed an ogre
  3442 | D        | Noticed a death yak
  3446 | D        | Killed a death yak
  3448 | D        | Killed an ogre
  3448 | D        | Reached XP level 13. HP: 90/118 MP: 16/17
  3454 | D        | Noticed a greater naga
  3458 | D        | Killed a greater naga
  3460 | D        | Noticed an emperor scorpion
  3472 | D        | Killed an emperor scorpion
  3479 | D        | Noticed a fire drake
  3482 | D        | Killed a fire drake
  3676 | D        | Noticed a catoblepas
  3676 | D        | Noticed a minotaur
  3676 | D        | Noticed a storm dragon
  3676 | D        | Noticed a blizzard demon
  3676 | D        | Noticed a sixfirhy
  3676 | D        | Noticed a bog body
  3676 | D        | Noticed a spriggan druid
  3676 | D        | Noticed a merfolk impaler
  3684 | D        | Killed a catoblepas
  3694 | D        | Killed a sixfirhy
  3698 | D        | Killed a bog body
  3699 | D        | Killed a spriggan druid
  3705 | D        | Killed a minotaur
  3712 | D        | Killed a storm dragon
  3712 | D        | Reached skill level 18 in Armour
  3716 | D        | Killed a merfolk impaler
  3719 | D        | Killed a blizzard demon
  3736 | D        | Got the cursed +1 arbalest of Gaecraca {elec, +Fly rN++}
  3739 | D        | Got the ring "Ogyilymopp" {*Corrode rC++ SInv}
  3840 | D        | Noticed a wind drake
  3844 | D        | Killed a wind drake
  3845 | D        | Noticed a wind drake
  3853 | D        | Killed a wind drake
  4099 | D        | Noticed an orc knight
  4099 | D        | Noticed an orc warrior
  4099 | D        | Noticed a ghost moth
  4100 | D        | Noticed an orc knight
  4100 | D        | Noticed an orc knight
  4100 | D        | Noticed an orc knight
  4101 | D        | Noticed a naga
  4101 | D        | Noticed an orc warlord
  4109 | D        | Killed a ghost moth
  4111 | D        | Killed an orc warrior
  4116 | D        | Noticed a warg
  4118 | D        | Killed an orc knight
  4130 | D        | Killed an orc knight
  4132 | D        | Killed a warg
  4135 | D        | Noticed an orc knight
  4141 | D        | Noticed an orc knight
  4148 | D        | Killed an orc knight
  4152 | D        | Killed an orc knight
  4155 | D        | Killed an orc knight
  4161 | D        | Killed an orc knight
  4163 | D        | Noticed an orc knight
  4168 | D        | Killed an orc knight
  4171 | D        | Killed a naga
  4173 | D        | Noticed an orc knight
  4183 | D        | Killed an orc knight
  4184 | D        | Noticed a naga warrior
  4186 | D        | Noticed a naga
  4194 | D        | Killed a naga warrior
  4194 | D        | Received a gift from Okawaru
  4202 | D        | Noticed an orc warlord
  4206 | D        | Killed a naga
  4216 | D        | Killed an orc warlord
  4221 | D        | Killed an orc warlord
  4221 | D        | Reached skill level 19 in Armour
  4244 | D        | Noticed an orc knight
  4309 | D        | Noticed a naga warrior
  4309 | D        | Noticed a deep elf knight
  4310 | D        | Noticed an ice devil
  4310 | D        | Noticed an orc knight
  4310 | D        | Noticed a spriggan berserker
  4315 | D        | Killed a deep elf knight
  4318 | D        | Noticed a yaktaur captain
  4322 | D        | Noticed a naga warrior
  4322 | D        | Killed an orc knight
  4323 | D        | Killed a spriggan berserker
  4327 | D        | Killed an ice devil
  4327 | D        | Reached XP level 14. HP: 123/131 MP: 12/19
  4330 | D        | Killed an orc knight
  4337 | D        | Killed a yaktaur captain
  4339 | D        | Killed a naga warrior
  4348 | D        | Killed a naga warrior
  4447 | D        | Noticed a naga
  4447 | D        | Noticed a vault guard
  4448 | D        | Noticed a naga warrior
  4449 | D        | Noticed a naga warrior
  4449 | D        | Noticed a daeva
  4449 | D        | Noticed a deep elf knight
  4449 | D        | Noticed a vault guard
  4461 | D        | Killed a naga warrior
  4465 | D        | Killed a naga warrior
  4469 | D        | Killed a deep elf knight
  4475 | D        | Killed a vault guard
  4489 | D        | Killed a naga
  4504 | D        | Killed a daeva
  4514 | D        | Killed a vault guard
  4804 | D        | Noticed a deep elf sorcerer
  4805 | D        | Noticed a deep elf high priest
  4806 | D        | Noticed a deep elf annihilator
  4807 | D        | Noticed a black draconian
  4807 | D        | Noticed a sphinx
  4814 | D        | Noticed an ogre mage
  4818 | D        | Killed a deep elf high priest
  4818 | D        | Received a gift from Okawaru
  4823 | D        | Killed a deep elf sorcerer
  4826 | D        | Noticed a black draconian annihilator
  4829 | D        | Killed an ogre mage
  4829 | D        | Reached skill level 20 in Armour
  4835 | D        | Killed a black draconian annihilator
  4840 | D        | Killed a deep elf annihilator
  4843 | D        | Noticed a greater naga
  4849 | D        | Noticed a naga mage
  4854 | D        | Killed a black draconian
  4854 | D        | Received a gift from Okawaru
  4857 | D        | Noticed a deep elf sorcerer
  4860 | D        | Noticed a cherub
  4862 | D        | Killed a greater naga
  4864 | D        | Noticed a vampire mage
  4865 | D        | Noticed a mottled draconian scorcher
  4869 | D        | Noticed a deep elf sorcerer
  4869 | D        | Killed a deep elf sorcerer
  4872 | D        | Killed a naga mage
  4877 | D        | Killed a vampire mage
  4884 | D        | Killed a cherub
  4890 | D        | Killed a sphinx
  4896 | D        | Killed a deep elf sorcerer
  4908 | D        | Killed a mottled draconian scorcher
  4927 | D        | Noticed a deep elf sorcerer
  4938 | D        | Killed a deep elf sorcerer
  4974 | D        | Noticed a deep elf high priest
  4979 | D        | Noticed a necromancer
  4980 | D        | Killed a deep elf high priest
  4991 | D        | Killed a necromancer
  5078 | D        | Noticed a naga mage
  5081 | D        | Killed a naga mage
  5186 | D        | Noticed a deep elf sorcerer
  5194 | D        | Killed a deep elf sorcerer
  5194 | D        | Reached skill level 21 in Armour
  5195 | D        | Noticed a lich
  5205 | D        | Killed a lich
  5205 | D        | Received a gift from Okawaru
  5205 | D        | Reached XP level 15. HP: 139/142 MP: 14/21
  5206 | D        | Got a distressingly furry hat {god gift}
  5212 | D        | Identified the +4 hat of Melancholy {rC++ rN+ Dex-2} (Okawaru gifted it to you in the Dungeon)
  5217 | D        | Noticed an insubstantial wisp
  5222 | D        | Noticed an insubstantial wisp
  5222 | D        | Noticed an insubstantial wisp
  5223 | D        | Noticed an insubstantial wisp
  5224 | D        | Noticed an insubstantial wisp
  5224 | D        | Noticed an ophan
  5226 | D        | Killed an insubstantial wisp
  5227 | D        | Noticed an ice dragon
  5228 | D        | Noticed a sphinx
  5231 | D        | Killed an insubstantial wisp
  5232 | D        | Killed an insubstantial wisp
  5239 | D        | Killed an insubstantial wisp
  5240 | D        | Killed a sphinx
  5245 | D        | Killed an ophan
  5247 | D        | Noticed an ophan
  5250 | D        | Killed an insubstantial wisp
  5252 | D        | Killed an ice dragon
  5268 | D        | Killed an ophan
  5268 | D        | Reached ****** piety under Okawaru
  5392 | D        | Got the amulet "Luxec" {rCorr +Inv Int-2 Dex+3 Stlth+}
  5394 | D        | Got the ring "Plog" {rC+ Dex+4 SInv}
  5396 | D        | Got the amulet "Kaiplec" {+Rage rPois rC+}
  5398 | D        | Got the ring "Yleqe" {*Corrode rC+ EV+3 Dex+4}
  5400 | D        | Got the amulet of Zelut {Ward rF+ rN+ MR+ Str-3}
  5402 | D        | Got the amulet "Anaegeru" {rC+ Regen+ Str+3}
  5404 | D        | Got the amulet of Keshrana {Ward rElec rC+ rN+}
  5406 | D        | Got the ring "Esewk" {rPois EV+4 Slay+3}
  5408 | D        | Got the ring "Qipit" {Int+2 Slay+5 Stlth+}
  5410 | D        | Got the amulet of Badaoh {+Rage Dex+3}
  5412 | D        | Got the amulet "Jezy" {+Rage Str+4 Dex-2}
  5414 | D        | Got the ring "Haqosh" {Wiz Dex+6}
  5416 | D        | Got the ring of Okawaru's Wrath {Slay+5 Stlth+}
  5430 | D        | Got the ring of Patience {rC+ rN+ AC+6 Int-4 Stlth+}
  5434 | D        | Got the ring "Wawaahorgh" {MR+ Str+6}
  5436 | D        | Got the ring "Linnaxt" {MR+ Int+5}
  5438 | D        | Got the ring "Lavaiw" {-Tele rPois Str+4 Dex+6}
  5440 | D        | Got the ring "Fuluoduy" {*Contam MR+ Str+4 Int+6 Stlth+}
  5442 | D        | Got the ring "Watronn" {rPois MR+}
  5444 | D        | Got the ring "Acyokud" {Str+6 SInv}
  5446 | D        | Got the ring "Vodettadam" {Ice +Inv}
  5448 | D        | Got the ring "Epros" {rC- rN+ MP+9 SInv}
  5450 | D        | Got the ring of Entrepreneurial Spirit {Wiz rC- Int+3 Dex+2 Slay+3}
  5452 | D        | Got the ring of the Morning {rN+ MR+ Dex+6}
  5454 | D        | Got the ring of Maicuvat {Fire rN+++ Int+2 Dex-2 Stlth+}
  5639 | D        | Noticed a greater mummy
  5654 | D        | Killed a greater mummy
  5654 | D        | Reached skill level 22 in Maces & Flails
  5830 | D        | Noticed a tormentor
  5834 | D        | Killed a tormentor
  5843 | D        | Noticed a pearl dragon
  5853 | D        | Killed a pearl dragon
  6079 | D        | Noticed the 27-headed Lernaean hydra
  6079 | D        | Noticed a hell beast
  6079 | D        | Noticed a purple draconian
  6079 | D        | Noticed a swamp dragon
  6079 | D        | Noticed a Hell Sentinel
  6079 | D        | Noticed a ghost moth
  6079 | D        | Noticed Xoiboi Icli the pandemonium lord
  6087 | D        | Killed Xoiboi Icli the pandemonium lord
  6087 | D        | Received a gift from Okawaru
  6088 | D        | Got a fine chain mail {god gift}
  6097 | D        | Killed a Hell Sentinel
  6097 | D        | Reached skill level 23 in Maces & Flails
  6106 | D        | Killed the 27-headed Lernaean hydra
  6114 | D        | Killed a purple draconian
  6117 | D        | Killed a ghost moth
  6123 | D        | Killed a swamp dragon
  6130 | D        | Killed a hell beast
  6144 | D        | Lost mutation: Your magical capacity is low (-10% MP). [mutagenic meat]
  6145 | D        | Gained mutation: You are clumsy. (Dex -2) [mutagenic meat]
  6376 | D        | Noticed a tentacled monstrosity
  6385 | D        | Killed a tentacled monstrosity
  6385 | D        | Reached skill level 24 in Maces & Flails
  6388 | D        | Noticed a curse toe
  6396 | D        | Killed a curse toe
  6398 | D        | Noticed an Ice Fiend
  6404 | D        | Killed an Ice Fiend
  6406 | D        | Noticed a stone giant
  6413 | D        | Killed a stone giant
  6415 | D        | Noticed a Shadow Fiend
  6422 | D        | Killed a Shadow Fiend
  6422 | D        | Received a gift from Okawaru
  6445 | D        | Identified the +2 chain mail of the Castellan {MR++} (Okawaru gifted it to you in the Dungeon)
  6763 | D        | Noticed a mummy priest
  6766 | D        | Killed a mummy priest
  6766 | D        | Reached skill level 15 in Invocations
  6766 | D        | Reached XP level 16. HP: 154/154 MP: 18/26
  6937 | D        | Noticed an orc warrior
  6937 | D        | Noticed a blink frog
  6937 | D        | Noticed an air elemental
  6938 | D        | Noticed an orc knight
  6938 | D        | Noticed a blink frog
  6938 | D        | Noticed an anaconda
  6938 | D        | Noticed a blink frog
  6939 | D        | Noticed a spriggan druid
  6940 | D        | Noticed a blink frog
  6940 | D        | Killed an orc warrior
  6941 | D        | Noticed an orc warrior
  6941 | D        | Noticed an emperor scorpion
  6946 | D        | Killed an anaconda
  6947 | D        | Killed an air elemental
  6948 | D        | Killed a blink frog
  6954 | D        | Noticed a catoblepas
  6954 | D        | Killed an orc knight
  6957 | D        | Killed a spriggan druid
  6958 | D        | Killed a blink frog
  6962 | D        | Noticed a death yak
  6963 | D        | Killed an orc warrior
  6964 | D        | Killed a blink frog
  6969 | D        | Killed a blink frog
  6973 | D        | Killed an emperor scorpion
  6977 | D        | Killed a catoblepas
  6981 | D        | Killed a death yak
  7089 | D        | Noticed a vampire knight
  7091 | D        | Noticed a death yak
  7091 | D        | Noticed a death yak
  7092 | D        | Noticed an ice devil
  7092 | D        | Noticed a death yak
  7092 | D        | Noticed a demonic crawler
  7093 | D        | Noticed a naga sharpshooter
  7096 | D        | Killed a vampire knight
  7097 | D        | Noticed a green draconian
  7097 | D        | Noticed a deep elf summoner
  7100 | D        | Noticed Polyphemus
  7100 | D        | Noticed a death yak
  7103 | D        | Noticed a greater naga
  7105 | D        | Killed a death yak
  7107 | D        | Noticed a salamander
  7112 | D        | Noticed a naga warrior
  7112 | D        | Noticed a naga
  7113 | D        | Noticed a wizard
  7113 | D        | Killed a death yak
  7117 | D        | Killed a demonic crawler
  7118 | D        | Noticed a vault guard
  7126 | D        | Noticed a naga
  7127 | D        | Killed a death yak
  7143 | D        | Killed a death yak
  7143 | D        | Reached skill level 25 in Maces & Flails
  7152 | D        | Noticed an emperor scorpion
  7153 | D        | Killed Polyphemus
  7154 | D        | Killed an ice devil
  7161 | D        | Killed a greater naga
  7171 | D        | Killed a naga warrior
  7172 | D        | Killed a green draconian
  7176 | D        | Killed a deep elf summoner
  7183 | D        | Noticed a deep elf demonologist
  7185 | D        | Killed a vault guard
  7187 | D        | Killed a wizard
  7200 | D        | Killed an emperor scorpion
  7201 | D        | Noticed an air elemental
  7203 | D        | Noticed a Hell Sentinel
  7204 | D        | Killed a deep elf demonologist
  7207 | D        | Killed an air elemental
  7211 | D        | Killed a naga sharpshooter
  7213 | D        | Killed a naga
  7215 | D        | Killed a naga
  7217 | D        | Noticed a brown ugly thing
  7222 | D        | Killed a brown ugly thing
  7225 | D        | Killed a salamander
  7227 | D        | Noticed a sphinx
  7228 | D        | Noticed a wandering mushroom
  7229 | D        | Noticed an ice devil
  7231 | D        | Noticed a white draconian
  7239 | D        | Killed a sphinx
  7248 | D        | Killed a white draconian
  7248 | D        | Received a gift from Okawaru
  7251 | D        | Killed an ice devil
  7431 | D        | Noticed a deep elf sorcerer
  7432 | D        | Noticed a fire dragon
  7440 | D        | Killed a deep elf sorcerer
  7444 | D        | Killed a fire dragon
  7452 | D        | Noticed a deep elf master archer
  7452 | D        | Noticed a fire dragon
  7452 | D        | Noticed a yellow draconian
  7453 | D        | Noticed a Hell Sentinel
  7453 | D        | Noticed a sixfirhy
  7453 | D        | Killed a wandering mushroom
  7457 | D        | Killed a sixfirhy
  7466 | D        | Killed a deep elf master archer
  7477 | D        | Killed a yellow draconian
  7480 | D        | Killed a fire dragon
  7489 | D        | Killed a Hell Sentinel
  7489 | D        | Reached skill level 26 in Maces & Flails
  7499 | D        | Got the ring "Veadyser" {+Inv Str-2 Int+4 Dex+2}
  7505 | D        | Noticed a golden eye
  7519 | D        | Killed a golden eye
  7524 | D        | Got the ring "Qischen" {Dex+4 Stlth+}
  7550 | D        | Noticed a hell hog
  7551 | D        | Noticed a red draconian caller
  7552 | D        | Noticed a yellow draconian
  7552 | D        | Noticed a hell hog
  7552 | D        | Noticed a hell hog
  7553 | D        | Noticed a red draconian
  7554 | D        | Noticed a deep elf blademaster
  7555 | D        | Noticed a quicksilver dragon
  7561 | D        | Killed a hell hog
  7562 | D        | Killed a hell hog
  7569 | D        | Killed a deep elf blademaster
  7572 | D        | Killed a hell hog
  7582 | D        | Killed a quicksilver dragon
  7595 | D        | Killed a red draconian caller
  7612 | D        | Killed a yellow draconian
  7617 | D        | Killed a red draconian
  7617 | D        | Received a gift from Okawaru
  7618 | D        | Got a bloodstained chain mail {god gift}
  7629 | D        | Identified the +5 chain mail of Jiafageu {rF+ Int+3} (Okawaru gifted it to you in the Dungeon)
  7983 | D        | Noticed an orc warlord
  7983 | D        | Noticed an orc warrior
  7983 | D        | Noticed an orc knight
  7983 | D        | Noticed an orc sorcerer
  7983 | D        | Noticed an orc knight
  7983 | D        | Noticed an orc high priest
  7983 | D        | Noticed an orc warrior
  7983 | D        | Noticed an orc knight
  7983 | D        | Noticed an orc warlord
  7983 | D        | Noticed an orc warlord
  7983 | D        | Noticed an orc warlord
  7983 | D        | Noticed an orc warlord
  7983 | D        | Noticed an orc warrior
  7983 | D        | Noticed an orc warrior
  7983 | D        | Noticed an orc knight
  7983 | D        | Noticed an orc warlord
  7983 | D        | Noticed an orc warlord
  7983 | D        | Noticed an orc warrior
  7983 | D        | Noticed an orc warlord
  7983 | D        | Noticed an orc knight
  7983 | D        | Noticed an orc warlord
  7983 | D        | Noticed an orc knight
  7983 | D        | Noticed an orc knight
  7983 | D        | Noticed an orc warlord
  7983 | D        | Noticed an orc warrior
  7983 | D        | Noticed an orc sorcerer
  7983 | D        | Noticed an orc knight
  7983 | D        | Noticed an orc warlord
  7983 | D        | Noticed an orc high priest
  7983 | D        | Noticed an orc warrior
  7983 | D        | Noticed an orc high priest
  7983 | D        | Noticed an orc knight
  7983 | D        | Noticed an orc high priest
  7983 | D        | Noticed an orc high priest
  7983 | D        | Noticed an orc sorcerer
  7983 | D        | Noticed an orc knight
  7983 | D        | Noticed an orc knight
  7985 | D        | Noticed an orc warlord
  7987 | D        | Noticed an orc knight
  7989 | D        | Noticed an orc warrior
  7991 | D        | Killed an orc warlord
  7998 | D        | Killed an orc warlord
  8007 | D        | Killed an orc warlord
  8009 | D        | Noticed an orc warlord
  8011 | D        | Noticed an orc knight
  8014 | D        | Killed an orc warlord
  8024 | D        | Killed an orc warlord
  8024 | D        | Reached XP level 17. HP: 162/166 MP: 24/28
  8026 | D        | Noticed an orc warlord
  8029 | D        | Noticed an orc warrior
  8031 | D        | Killed an orc warlord
  8036 | D        | Noticed an orc warrior
  8041 | D        | Noticed an orc warlord
  8044 | D        | Killed an orc warlord
  8047 | D        | Killed an orc warlord
  8057 | D        | Killed an orc warlord
  8059 | D        | Noticed an orc sorcerer
  8059 | D        | Noticed an orc warrior
  8060 | D        | Killed an orc sorcerer
  8065 | D        | Killed an orc sorcerer
  8073 | D        | Killed an orc knight
  8077 | D        | Killed an orc warlord
  8077 | D        | Reached skill level 27 in Maces & Flails
  8086 | D        | Killed an orc knight
  8087 | D        | Noticed an orc warrior
  8094 | D        | Noticed an orc warrior
  8100 | D        | Killed an orc warlord
  8102 | D        | Noticed an orc warlord
  8108 | D        | Noticed an orc knight
  8108 | D        | Killed an orc warlord
  8109 | D        | Killed an orc sorcerer
  8113 | D        | Killed an orc high priest
  8115 | D        | Noticed an orc knight
  8119 | D        | Killed an orc knight
  8120 | D        | Noticed an orc warrior
  8121 | D        | Noticed an orc warrior
  8124 | D        | Killed an orc knight
  8126 | D        | Killed an orc high priest
  8133 | D        | Killed an orc knight
  8146 | D        | Killed an orc high priest
  8147 | D        | Killed an orc warlord
  8151 | D        | Killed an orc knight
  8154 | D        | Killed an orc knight
  8159 | D        | Killed an orc knight
  8160 | D        | Killed an orc high priest
  8160 | D        | Received a gift from Okawaru
  8180 | D        | Killed an orc warlord
  8185 | D        | Killed an orc knight
  8191 | D        | Killed an orc knight
  8192 | D        | Noticed an orc warrior
  8196 | D        | Killed an orc knight
  8202 | D        | Killed an orc knight
  8204 | D        | Killed an orc warrior
  8211 | D        | Killed an orc warrior
  8220 | D        | Killed an orc warrior
  8226 | D        | Killed an orc high priest
  8232 | D        | Killed an orc knight
  8236 | D        | Killed an orc warrior
  8241 | D        | Killed an orc warrior
  8247 | D        | Killed an orc warrior
  8249 | D        | Killed an orc warrior
  8254 | D        | Killed an orc sorcerer
  8255 | D        | Killed an orc warrior
  8261 | D        | Killed an orc knight
  8263 | D        | Killed an orc warrior
  8268 | D        | Killed an orc warrior
  8270 | D        | Killed an orc warrior
  8272 | D        | Killed an orc warrior
  8275 | D        | Killed an orc warrior
  8285 | D        | Killed an orc warlord
  8295 | D        | Killed an orc warlord
  8297 | D        | Identified a +4 rod of clouds (7/13)
  8301 | D        | Killed an orc warrior
  8304 | D        | Killed an orc warrior
  8308 | D        | Killed an orc knight
  8308 | D        | Reached skill level 27 in Armour
  8312 | D        | Killed an orc warrior
  8417 | D        | Got the +12 hand crossbow of Qazlal's Pride {speed, +Blink}
  8533 | D        | Got a silver rune of Zot
  8742 | D        | Noticed a cyclops
  8742 | D        | Noticed a hill giant
  8742 | D        | Noticed an ettin
  8742 | D        | Noticed a cyclops
  8742 | D        | Noticed a stone giant
  8742 | D        | Noticed a stone giant
  8742 | D        | Noticed a hill giant
  8742 | D        | Noticed a hill giant
  8742 | D        | Noticed a fire giant
  8742 | D        | Noticed a hill giant
  8742 | D        | Noticed a fire giant
  8742 | D        | Noticed a titan
  8742 | D        | Noticed a titan
  8742 | D        | Noticed a hill giant
  8742 | D        | Noticed a stone giant
  8742 | D        | Noticed a fire giant
  8742 | D        | Noticed a frost giant
  8742 | D        | Noticed a cyclops
  8742 | D        | Noticed a stone giant
  8742 | D        | Noticed a titan
  8742 | D        | Noticed a titan
  8742 | D        | Noticed an ettin
  8742 | D        | Noticed a frost giant
  8742 | D        | Noticed an ettin
  8742 | D        | Noticed a fire giant
  8743 | D        | Noticed a cyclops
  8743 | D        | Noticed a stone giant
  8744 | D        | Noticed a stone giant
  8744 | D        | Noticed a fire giant
  8744 | D        | Noticed a titan
  8744 | D        | Noticed a hill giant
  8745 | D        | Noticed a frost giant
  8747 | D        | Noticed a stone giant
  8760 | D        | Killed a frost giant
  8760 | D        | Reached skill level 27 in Fighting
  8760 | D        | Reached skill level 27 in Shields
  8766 | D        | Killed a frost giant
  8771 | D        | Killed a titan
  8777 | D        | Killed a fire giant
  8782 | D        | Killed a stone giant
  8787 | D        | Killed a titan
  8787 | D        | Received a gift from Okawaru
  8824 | D        | Killed a titan
  8830 | D        | Killed a fire giant
  8835 | D        | Killed a stone giant
  8841 | D        | Killed a stone giant
  8845 | D        | Killed a stone giant
  8845 | D        | Received a gift from Okawaru
  8845 | D        | Reached skill level 27 in Dodging
  8850 | D        | Killed a fire giant
  8854 | D        | Killed a stone giant
  8862 | D        | Killed a fire giant
  8862 | D        | Reached skill level 5 in Throwing
  8869 | D        | Killed a titan
  8875 | D        | Killed a stone giant
  8878 | D        | Killed a stone giant
  8882 | D        | Killed a frost giant
  8885 | D        | Killed an ettin
  8891 | D        | Killed a fire giant
  8893 | D        | Killed a hill giant
  8893 | D        | Received a gift from Okawaru
  8897 | D        | Killed a titan
  8897 | D        | Reached skill level 10 in Throwing
  8897 | D        | Reached XP level 18. HP: 56/180 MP: 31/31
  8902 | D        | Killed a hill giant
  8905 | D        | Killed a hill giant
  8911 | D        | Killed a hill giant
  8917 | D        | Killed a hill giant
  8956 | D        | Killed a cyclops
  8956 | D        | Received a gift from Okawaru
  8975 | D        | Noticed a frost giant
  8978 | D        | Killed a frost giant
  8984 | D        | Noticed a titan
  8989 | D        | Killed a titan
  8993 | D        | Noticed a frost giant
  8993 | D        | Noticed a stone giant
  8993 | D        | Noticed a frost giant
  8993 | D        | Noticed a hill giant
  8993 | D        | Noticed a fire giant
  8993 | D        | Noticed an ettin
  8993 | D        | Noticed a cyclops
  8994 | D        | Noticed a stone giant
  9001 | D        | Killed a frost giant
  9001 | D        | Received a gift from Okawaru
  9010 | D        | Killed a fire giant
  9014 | D        | Killed an ettin
  9015 | D        | Noticed an ettin
  9015 | D        | Noticed a stone giant
  9015 | D        | Noticed a fire giant
  9015 | D        | Noticed an ettin
  9016 | D        | Noticed an ettin
  9040 | D        | Killed a frost giant
  9046 | D        | Killed a stone giant
  9046 | D        | Received a gift from Okawaru
  9051 | D        | Killed a stone giant
  9058 | D        | Killed a fire giant
  9065 | D        | Killed a stone giant
  9069 | D        | Killed an ettin
  9074 | D        | Killed an ettin
  9078 | D        | Killed a hill giant
  9083 | D        | Killed a cyclops
  9117 | D        | Noticed a cyclops
  9120 | D        | Noticed a hill giant
  9120 | D        | Noticed a frost giant
  9121 | D        | Noticed a fire giant
  9121 | D        | Noticed a cyclops
  9124 | D        | Killed a cyclops
  9126 | D        | Killed a hill giant
  9126 | D        | Reached skill level 15 in Throwing
  9130 | D        | Killed a frost giant
  9130 | D        | Received a gift from Okawaru
  9144 | D        | Noticed a frost giant
  9144 | D        | Noticed a hill giant
  9144 | D        | Noticed a cyclops
  9146 | D        | Noticed a titan
  9148 | D        | Noticed an ettin
  9150 | D        | Killed a frost giant
  9152 | D        | Noticed an ettin
  9152 | D        | Killed a hill giant
  9153 | D        | Noticed a frost giant
  9201 | D        | Killed a titan
  9204 | D        | Killed an ettin
  9207 | D        | Killed a hill giant
  9210 | D        | Killed a cyclops
  9243 | D        | Killed an ettin
  9249 | D        | Noticed a frost giant
  9256 | D        | Killed a frost giant
  9259 | D        | Noticed a hill giant
  9261 | D        | Noticed a frost giant
  9261 | D        | Noticed an ettin
  9261 | D        | Noticed an ettin
  9263 | D        | Noticed a fire giant
  9264 | D        | Noticed a frost giant
  9265 | D        | Noticed an ettin
  9265 | D        | Killed a hill giant
  9266 | D        | Noticed a hill giant
  9268 | D        | Killed an ettin
  9273 | D        | Killed a frost giant
  9276 | D        | Noticed a hill giant
  9276 | D        | Noticed a cyclops
  9278 | D        | Noticed a titan
  9280 | D        | Noticed a frost giant
  9281 | D        | Killed a fire giant
  9285 | D        | Noticed a cyclops
  9288 | D        | Killed a frost giant
  9289 | D        | Noticed a frost giant
  9291 | D        | Noticed a cyclops
  9293 | D        | Killed a fire giant
  9302 | D        | Killed a frost giant
  9309 | D        | Killed a frost giant
  9312 | D        | Killed an ettin
  9365 | D        | Killed a frost giant
  9369 | D        | Killed an ettin
  9372 | D        | Killed an ettin
  9377 | D        | Killed a hill giant
  9386 | D        | Killed a cyclops
  9386 | D        | Reached skill level 5 in Evocations
  9391 | D        | Killed a titan
  9395 | D        | Killed a hill giant
  9398 | D        | Killed a cyclops
  9401 | D        | Killed a cyclops
  9404 | D        | Killed a cyclops
  9406 | D        | Killed a cyclops
  9409 | D        | Killed a cyclops
  9413 | D        | Killed a cyclops
  9440 | D        | Killed an ettin
  9446 | D        | Killed an ettin
  9448 | D        | Got the ring "Rent" {rN+ Int+5}
  9510 | D        | Got a golden rune of Zot
  9548 | D        | Got the +6 eveningstar "Cael" {holy, MR+ Str+7 Int-4 Dex-5}
  9570 | D        | Got the ring "Unkaen" {Ice rPois Int+3}
  9606 | D        | Got the ring "Arumus" {Ice rElec rPois Slay+2}
  9777 | D        | Gained mutation: You are dopey. (Int -2) [potion of mutation]
  9838 | D        | Noticed a daeva
  9838 | D        | Noticed a deep elf death mage
  9838 | D        | Noticed a death cob
  9838 | D        | Noticed an iron troll
  9839 | D        | Noticed a hell knight
  9839 | D        | Noticed an ogre mage
  9839 | D        | Noticed a war gargoyle
  9839 | D        | Noticed an Executioner
  9839 | D        | Noticed a blizzard demon
  9839 | D        | Noticed a red draconian knight
  9840 | D        | Noticed a bone dragon
  9841 | D        | Noticed a war axe of flaming
  9841 | D        | Noticed a golden dragon
  9842 | D        | Noticed a Killer Klown
  9842 | D        | Noticed a deep elf blademaster
  9844 | D        | Killed a hell knight
  9846 | D        | Noticed a reaper
  9846 | D        | Killed a death cob
  9849 | D        | Noticed a two-headed ogre
  9849 | D        | Noticed Mara
  9851 | D        | Noticed a tormentor
  9852 | D        | Noticed a death knight
  9853 | D        | Noticed an ogre
  9854 | D        | Noticed a spriggan defender
  9857 | D        | Noticed an ancient lich
  9858 | D        | Killed a daeva
  9860 | D        | Noticed a deep elf annihilator
  9865 | D        | Noticed Kidiri's illusion
  9868 | D        | Noticed an ettin
  9879 | D        | Killed a bone dragon
  9879 | D        | Reached skill level 10 in Evocations
  9887 | D        | Killed a golden dragon
  9891 | D        | Killed an Executioner
  9893 | D        | Killed a spriggan defender
  9896 | D        | Noticed Jory
  9898 | D        | Killed a deep elf death mage
  9919 | D        | Killed a deep elf blademaster
  9919 | D        | Received a gift from Okawaru
  9922 | D        | Killed a red draconian knight
  9926 | D        | Killed a war axe of flaming
  9937 | D        | Killed a war gargoyle
  9942 | D        | Killed an ancient lich
  9942 | D        | Reached XP level 19. HP: 27/186 MP: 35/35
  9945 | D        | Killed a Killer Klown
  9955 | D        | Killed Kidiri's illusion
  9957 | D        | Noticed Kidiri's illusion
  9964 | D        | Killed Mara
  9964 | D        | Received a gift from Okawaru
  9964 | D        | Reached skill level 15 in Evocations
  9971 | D        | Killed an iron troll
 10039 | D        | Lost mutation: You can breathe flames. [potion of cure mutation]
 10039 | D        | Lost mutation: You are clumsy. (Dex -2) [potion of cure mutation]
 10039 | D        | Lost mutation: You are dopey. (Int -2) [potion of cure mutation]
 10040 | D        | Lost mutation: You are frail (-10% HP). [potion of cure mutation]
 10054 | D        | Killed Jory
 10056 | D        | Killed a tormentor
 10063 | D        | Killed a blizzard demon
 10066 | D        | Got the ring of Weudab {rElec MR+ EV+3}
 10384 | D        | Killed a reaper
 10594 | D        | Killed an ogre
 10598 | D        | Killed an ogre mage
 10601 | D        | Killed a two-headed ogre
 10603 | D        | Got the ring of Luoll {Fire *Contam rN+ Str+6 Int+4}
 10688 | D        | Killed a deep elf annihilator
 10710 | D        | Killed an ettin
 10715 | D        | Killed a death knight
 10717 | D        | Got the ring of the Assorted Orbs {rF+ rC+ MR+}
 10919 | D        | Paralysed by a giant eyeball for 2 turns
 10930 | D        | Got the ring "Koplolos" {SustAt rElec MP-9 Dex+2 Slay-4}
 10940 | D        | Noticed a battleaxe of freezing
 10940 | D        | Noticed a black draconian
 10941 | D        | Noticed a ghoul
 10942 | D        | Noticed an acid blob
 10942 | D        | Noticed a red draconian
 10942 | D        | Noticed a ghoul
 10942 | D        | Noticed a green death
 10942 | D        | Noticed a ghoul
 10943 | D        | Noticed Xtahua
 10943 | D        | Noticed a yellow draconian
 10943 | D        | Noticed an acid blob
 10944 | D        | Noticed a yellow draconian
 10944 | D        | Noticed a white draconian knight
 10945 | D        | Noticed a bog body
 10950 | D        | Noticed a deep elf master archer
 10950 | D        | Killed an acid blob
 10950 | D        | Received a gift from Okawaru
 10950 | D        | Reached skill level 27 in Invocations
 10959 | D        | Killed a green death
 10968 | D        | Killed an acid blob
 10970 | D        | Killed a yellow draconian
 10971 | D        | Killed a yellow draconian
 10973 | D        | Killed a bog body
 10973 | D        | Received a gift from Okawaru
 10979 | D        | Killed a ghoul
 10981 | D        | Killed a deep elf master archer
 10990 | D        | Killed a ghoul
 11001 | D        | Killed a white draconian knight
 11003 | D        | Killed a red draconian
 11003 | D        | Received a gift from Okawaru
 11011 | D        | Killed Xtahua
 11015 | D        | Killed a ghoul
 11016 | D        | Killed a battleaxe of freezing
 11024 | D        | Killed a black draconian
 11056 | D        | Noticed a titan
 11056 | D        | Noticed Frederick
 11056 | D        | Noticed a ghost moth
 11057 | D        | Noticed a deep elf master archer
 11067 | D        | Killed a ghost moth
 11068 | D        | Killed a titan
 11068 | D        | Received a gift from Okawaru
 11077 | D        | Killed a deep elf master archer
 11081 | D        | Killed Frederick
 11120 | D        | Got the ring "Tute" {Ice Int+2}
 11122 | D        | Got the ring "Leipit" {MP+9 Str-4 Int+4}
 11124 | D        | Got the amulet of the Many Wonders {Clar rN+ Int+7 Slay-4}
 11418 | D        | Noticed a mummy priest
 11422 | D        | Killed a mummy priest
 11424 | D        | Got the amulet "Nahuakeamn" {Gourm rC+ Str-4 Dex+7 Slay+3}
 11553 | D        | Noticed a ghoul
 11553 | D        | Noticed a ghoul
 11553 | D        | Noticed a necrophage
 11553 | D        | Noticed a spriggan defender
 11553 | D        | Noticed an orc warlord
 11553 | D        | Noticed an orc warrior
 11553 | D        | Noticed an orc wizard
 11553 | D        | Noticed an orc warrior
 11553 | D        | Noticed an orc priest
 11553 | D        | Noticed a troll
 11553 | D        | Noticed an orc warrior
 11554 | D        | Noticed an ophan
 11554 | D        | Noticed Boris
 11554 | D        | Noticed an orc sorcerer
 11554 | D        | Noticed an orc warrior
 11555 | D        | Noticed Mennas
 11556 | D        | Noticed a greater mummy
 11557 | D        | Killed an orc priest
 11558 | D        | Killed an orc warlord
 11560 | D        | Killed a spriggan defender
 11561 | D        | Killed an orc warrior
 11562 | D        | Killed a greater mummy
 11562 | D        | Received a gift from Okawaru
 11563 | D        | Killed an orc wizard
 11564 | D        | Killed a troll
 11565 | D        | Killed an orc warrior
 11566 | D        | Killed a ghoul
 11569 | D        | Killed a ghoul
 11574 | D        | Killed a necrophage
 11582 | D        | Killed an ophan
 11587 | D        | Killed an orc sorcerer
 11589 | D        | Killed an orc warrior
 11594 | D        | Killed Boris
 11628 | D        | Killed an orc warrior
 11652 | D        | Killed Mennas
 11758 | D        | Noticed a green draconian
 11758 | D        | Noticed a boulder beetle
 11758 | D        | a boulder beetle changed into a merfolk
 11766 | D        | Killed a green draconian
 11772 | D        | Reached XP level 20. HP: 216/216 MP: 36/36
 11867 | D        | Noticed a deep elf master archer
 11867 | D        | Killed a deep elf master archer
 11871 | D        | Noticed a storm dragon
 11875 | D        | Killed a storm dragon
 11883 | D        | Noticed a Hell Sentinel
 11887 | D        | Killed a Hell Sentinel
 11891 | D        | Noticed a deep elf demonologist
 11895 | D        | Killed a deep elf demonologist
 11904 | D        | Noticed an ancient lich
 11910 | D        | Killed an ancient lich
 11914 | D        | Noticed an electric golem
 11932 | D        | Killed an electric golem
 11946 | D        | Noticed a titan
 11956 | D        | Killed a titan
 11959 | D        | Noticed a death ooze
 11961 | D        | Killed a death ooze
 12034 | D        | Noticed Margery
 12043 | D        | Killed Margery
 12047 | D        | Gained mutation: You regenerate slowly when monsters are visible. [potion of mutation]
 12047 | D        | Gained mutation: You are covered in fur (AC +1). [potion of mutation]
 12059 | D        | Noticed a balrug
 12059 | D        | Noticed an azure jelly
 12059 | D        | Noticed an ophan
 12064 | D        | Killed an azure jelly
 12067 | D        | Killed a balrug
 12077 | D        | Killed an ophan
 12081 | D        | Noticed an Ice Fiend
 12084 | D        | Killed an Ice Fiend
 12087 | D        | Noticed an orb of fire
 12092 | D        | Gained mutation: You tend to lose your temper in combat. [an orb of fire]
 12094 | D        | Noticed an ancient lich
 12099 | D        | Gained mutation: You occasionally shout uncontrollably at your foes. [an orb of fire]
 12110 | D        | Killed an orb of fire
 12110 | D        | Reached skill level 27 in Throwing
 12110 | D        | Reached skill level 27 in Evocations
 12111 | D        | Lost mutation: You tend to lose your temper in combat. [potion of cure mutation]
 12111 | D        | Lost mutation: You occasionally shout uncontrollably at your foes. [potion of cure mutation]
 12111 | D        | Lost mutation: You are covered in fur (AC +1). [potion of cure mutation]
 12111 | D        | Lost mutation: You regenerate slowly when monsters are visible. [potion of cure mutation]
 12114 | D        | Killed an ancient lich
 12118 | D        | Noticed a Hell Sentinel
 12121 | D        | Killed a Hell Sentinel
 12269 | D        | Noticed a cherub
 12269 | D        | Noticed a Killer Klown
 12269 | D        | Noticed a yellow draconian
 12279 | D        | Killed a Killer Klown
 12279 | D        | Received a gift from Okawaru
 12283 | D        | Killed a yellow draconian
 12284 | D        | Noticed an Ice Fiend
 12288 | D        | Killed a cherub
 12291 | D        | Killed an Ice Fiend
 12291 | D        | Reached skill level 15 in Stealth
 12314 | D        | Noticed a moth of wrath
 12314 | D        | Noticed Ceahenn the pandemonium lord
 12314 | D        | Noticed a ghoul
 12314 | D        | Noticed a ghoul
 12314 | D        | Noticed a ghoul
 12317 | D        | Killed a ghoul
 12321 | D        | Killed a ghoul
 12344 | D        | Killed a ghoul
 12344 | D        | Received a gift from Okawaru
 12348 | D        | Killed a moth of wrath
 12354 | D        | Noticed a golden dragon
 12358 | D        | Noticed an orb of fire
 12362 | D        | Noticed the royal jelly
 12370 | D        | Gained mutation: You regenerate slowly when monsters are visible. [an orb of fire]
 12371 | D        | HP: 8/216 [Ceahenn the pandemonium lord/bolt of fire (12)]
 12372 | D        | Gained mutation: Your body sometimes deteriorates upon taking damage. [an orb of fire]
 12372 | D        | Killed from afar by Ceahenn the pandemonium lord

Vault maps used:
D:        pitsprint

Action                   |  1- 3 |  4- 6 |  7- 9 | 10-12 | 13-15 | 16-18 | 19-21 || total
-------------------------+-------+-------+-------+-------+-------+-------+-------++-------
Melee: Mace              |    24 |       |       |       |       |       |       ||    24
       Flail             |     7 |    49 |    52 |       |       |       |       ||   108
       Morningstar       |       |       |    52 |   355 |   288 |       |       ||   695
       Eveningstar       |       |       |       |       |   220 |   941 |   398 ||  1559
Throw: Javelin           |       |       |       |       |       |       |     7 ||     7
Invok: Heroism           |       |     2 |     5 |     8 |    11 |    12 |     5 ||    43
       Finesse           |       |       |       |     5 |    12 |    13 |     6 ||    36
 Abil: Breathe Fire      |       |       |     2 |     2 |     3 |     7 |       ||    14
       Evoke Invisibilit |       |       |       |       |       |     1 |     1 ||     2
Evoke: Wand              |       |       |       |       |       |     2 |     4 ||     6
  Use: Potion            |       |     2 |     1 |     2 |     8 |    15 |     9 ||    37
       Scroll            |       |       |       |     6 |       |    11 |     3 ||    20
 Stab: Petrifying        |       |       |       |       |       |     1 |       ||     1
       Petrified         |       |       |       |       |       |     1 |       ||     1
       Invisible         |       |       |       |       |       |       |     1 ||     1
  Eat: Chunk             |       |     1 |     7 |     3 |     4 |     2 |     1 ||    18
       Bread ration      |       |       |       |     2 |     3 |     2 |     2 ||     9
       Pizza             |       |       |       |       |       |     1 |       ||     1
